 Dungeon Crawl Stone Soup version 0.18-a0-1179-g120c792 (webtiles) character file.

197 RedPan the Conjurer (level 5, -4/31 HPs)
             Began as an Octopode Wizard on Jan 27, 2016.
             Slain by kaze's ghost (7 damage)
             ... on level 3 of the Dungeon.
             The game lasted 00:09:27 (3032 turns).

RedPan the Conjurer (Octopode Wizard)               Turns: 3032, Time: 00:09:27

Health: -4/31      AC:  1    Str:  7    XL:     5   Next: 75%
Magic:  0/9        EV: 12    Int: 21    God:
Gold:   138        SH:  0    Dex: 10    Spells: 2 memorised, 6 levels left

rFire  . . .     SeeInvis .     h - +2 dagger (venom)
rCold  . . .     Gourm    .     (no shield)
rNeg   . . .     Faith    .     a - +0 hat
rPois  .         Spirit   .     (no amulet)
rElec  .         Dismiss  .     (no ring)
rCorr  .         Reflect  .     (no ring)
SustAt .         Harm     .     (no ring)
MR     .....                    (no ring)
Stlth  +++.......               (no ring)
                                (no ring)
                                (no ring)
                                (no ring)

@: not resistant to hostile enchantments, fairly stealthy
A: almost no armour, amphibious, 8 rings, constrict 8, camouflage 1, gelatinous
body 1
a: no special abilities


You were on level 3 of the Dungeon.
You were not hungry.

You visited 1 branch of the dungeon, and saw 3 of its levels.

You collected 138 gold pieces.

Inventory:

Hand Weapons
 h - a +2 dagger of venom (weapon)
 r - a +1 short sword of draining
Armour
 a - a +0 hat (worn)
Jewellery
 p - an uncursed ring of positive energy {unknown}
Scrolls
 d - a scroll of enchant armour {unknown}
 f - a scroll of remove curse
 k - a scroll of random uselessness {unknown}
 n - a scroll of identify {unknown}
 q - a scroll of teleportation {unknown}
 s - a scroll of enchant weapon {unknown}
Potions
 e - 2 potions of heal wounds
 i - a potion of mutation {unknown}
 j - a potion of agility {unknown}
 l - a potion of haste {unknown}
 m - a potion of brilliance {unknown}
 o - a potion of lignification
Books
 b - a book of Minor Magic

   Spells                             Type                      Level
   a - Magic Dart                     Conjuration                  1
   b - Blink                          Translocation                2
   c - Call Imp                       Summoning                    2
   d - Repel Missiles                 Charms/Air                   2
   e - Slow                           Hexes                        2
   f - Conjure Flame                  Conjuration/Fire             3
   g - Mephitic Cloud                 Conjuration/Poison/Air       3
Comestibles
 c - 6 bread rations
 g - a meat ration


   Skills:
 - Level 2.0 Dodging
 - Level 2.6 Stealth
 - Level 3.1 Spellcasting
 + Level 5.2 Conjurations
   Level 1.0 Summonings
   Level 1.0 Translocations
 + Level 1.0 Poison Magic


You had 6 spell levels left.
You knew the following spells:

 Your Spells              Type           Power        Failure   Level  Hunger
a - Magic Dart            Conj           ####         1%          1    None
b - Mephitic Cloud        Conj/Pois/Air  ##......     21%         3    ###....


Dungeon Overview and Level Annotations

Branches:
Dungeon (3/15)

Altars:
Gozag
Yredelemnul

Annotations:
D:3 kaze's ghost, amateur KoHu


Innate Abilities, Weirdness & Mutations

You cannot wear most types of armour.
You are amphibious.
You can wear up to eight rings at the same time.
You can use your tentacles to constrict eight enemies at once.
Your skin changes colour to match your surroundings (Stealth).
Your rubbery body absorbs attacks (AC +1).


Message History

Confirm with . or Enter, or press ? or * to list all spells.
Aiming: Magic Dart
Press: ? - help, Shift-Dir - straight line, f/p - kaze's ghost
Aim: kaze's ghost (almost destroyed)
The magic dart hits kaze's ghost.
Kaze's ghost is almost destroyed.
Kaze's ghost misses you.
You closely miss kaze's ghost.
Kaze's ghost is almost destroyed.
Kaze's ghost hits you!
* * * LOW HITPOINT WARNING * * *
Casting: Magic Dart
Confirm with . or Enter, or press ? or * to list all spells.
Aiming: Magic Dart
Press: ? - help, Shift-Dir - straight line, f/p - kaze's ghost
Aim: kaze's ghost (almost destroyed)
The magic dart hits kaze's ghost.
Kaze's ghost is almost destroyed.
Kaze's ghost hits you!
You die...

#####>........#
>.............
............# .# .
#..........##.#
..##..........##.#
..............##.#
#.....# #.# #.....####
#.# # #....W@..#####.#
# #........'..)..# #
#........###.#.########
#..###...# #..........#
....
#....#####........#
.....
#....##...........#
###.
#....##............
#....##............
#..>.##............


You could see kaze's ghost.

Vanquished Creatures
  An orc wizard (D:3)
  Terence (D:2)
  6 adders
  4 oozes
  5 worms
  3 giant geckos
  2 giant cockroaches
  8 goblins
  4 hobgoblins
  2 jackals (D:1)
  2 quokkas
  A ball python (D:3)
  7 bats
  3 giant newts
  2 gnoll zombies (D:2)
  11 rats
62 creatures vanquished.

Notes
Turn   | Place    | Note
--------------------------------------------------------------
     0 | D:1      | RedPan the Octopode Wizard began the quest for the Orb.
     0 | D:1      | Reached XP level 1. HP: 11/11 MP: 4/4
   176 | D:1      | Reached XP level 2. HP: 15/17 MP: 0/6
   692 | D:2      | Reached XP level 3. HP: 18/21 MP: 0/7
   851 | D:2      | Found an opulent altar of Gozag.
  1002 | D:2      | Learned a level 3 spell: Mephitic Cloud
  1088 | D:2      | Noticed Terence
  1456 | D:2      | Reached XP level 4. HP: 27/27 MP: 5/8
  1651 | D:2      | Killed Terence
  1651 | D:2      | Reached skill level 4 in Conjurations
  1860 | D:2      | Reached XP level 5. HP: 19/31 MP: 1/9
  2235 | D:2      | Found a basalt altar of Yredelemnul.
  2710 | D:3      | Reached skill level 5 in Conjurations
  2974 | D:3      | Reached skill level 1 in Poison Magic
  3020 | D:3      | Noticed kaze's ghost (amateur KoHu)
  3032 | D:3      | Slain by kaze's ghost

Vault maps used:
D:1:      tarquinn_simple_flora_water_e, serial_curves, eino_curves_04,
          eino_curves_02, kennysheep_doodads
D:2:      nicolae_gozag_seed_capital, lemuel_zombie_altar_yredelemnul,
          first_bread, st_stairs_3, uniq_terence
D:3:      grunt_ministairs_1, interstate_on_off

Action                   |  1- 3 |  4- 6 || total
-------------------------+-------+-------++-------
Melee: Unarmed           |     5 |       ||     5
       Dagger            |     3 |    18 ||    21
 Cast: Magic Dart        |    70 |   100 ||   170
       Mephitic Cloud    |       |     1 ||     1
  Use: Potion            |       |     2 ||     2
       Scroll            |       |     1 ||     1
  Eat: Chunk             |     1 |     2 ||     3
       Meat ration       |       |     1 ||     1
